 Dungeon Crawl Stone Soup version 0.23.1 (webtiles) character file.

Game seed: 0

348 Jager373 the Skirmisher (level 6, -1/53 HPs)
             Began as a Draconian Berserker on Mar 4, 2019.
             Was a Believer of Trog.
             Killed from afar by Ijyb (8 damage)
             ... with a wand of acid (6)
             ... on level 5 of the Dungeon on Mar 9, 2019.
             The game lasted 00:18:33 (2472 turns).

Jager373 the Skirmisher (Draconian Berserker)       Turns: 2472, Time: 00:18:35

Health: -1/53      AC:  8    Str: 21    XL:     6   Next: 33%
Magic:  6/6        EV: 13    Int:  7    God:    Trog [**....]
Gold:   154        SH:  0    Dex: 11    Spells: 5/5 levels left

rFire    . . .     SeeInvis .   k - +1 war axe (chop)
rCold    . . .     Gourm    .   (no shield)
rNeg     . . .     Faith    .   (armour unavailable)
rPois    .         Spirit   .   (helmet restricted)
rElec    .         Reflect  .   (no cloak)
rCorr    +         Harm     .   o - +0 pair of gloves (curse)
MR       .....                  g - +0 pair of boots
Stlth    +.........             (no amulet)
HPRegen  0.17/turn              d - ring of resist corrosion
MPRegen  0.10/turn              (no ring)

@: slowed, very slow
A: unfitting armour, cold-blooded, AC +6
a: Berserk, Trog's Hand, Renounce Religion


You were on level 5 of the Dungeon.
You worshipped Trog.
Trog was pleased with you.
You were hungry.

You visited 1 branch of the dungeon, and saw 5 of its levels.

You collected 154 gold pieces.

Inventory:

Hand Weapons
 a - a +0 spear
 k - a +1 war axe of chopping (weapon)
 n - a +2 falchion of holy wrath
Missiles
 m - 8 tomahawks (quivered)
Armour
 g - a +0 pair of boots (worn)
 o - a cursed +0 pair of gloves (worn)
Jewellery
 d - a ring of resist corrosion (left hand)
Scrolls
 c - 6 scrolls of teleportation {unknown}
 f - 3 scrolls of identify {unknown}
 i - a scroll of random uselessness {unknown}
 j - a scroll of amnesia {unknown}
 p - a scroll of remove curse {unknown}
 q - a scroll of fog {unknown}
Potions
 e - a potion of heal wounds {unknown}
 h - a potion of curing {unknown}
 l - a potion of flight {unknown}
Comestibles
 b - 6 rations


   Skills:
 + Level 4.5 Fighting
 * Level 4.0(4.8) Axes
 - Level 4.0(4.9) Polearms
 + Level 3.7 Dodging
 - Level 0.2 Stealth


You had 5 spell levels left.
You didn't know any spells.
Your spell library contained the following spells:

 Spells                   Type           Power        Failure   Level  Hunger
 Animate Skeleton         Necr           N/A          43%         1    ##.....
 Apportation              Tloc           #.....       43%         1    ##.....
 Confusing Touch          Hex            #.....       43%         1    ##.....
 Summon Small Mammal      Summ           #...         43%         1    ##.....


Dungeon Overview and Level Annotations

Branches:
Dungeon (5/15)
 Temple: D:4-7

Altars:
Okawaru

Portals:
Ossuary: D:4

Annotations:
D:5 Ijyb


Innate Abilities, Weirdness & Mutations

Your plain brown scales are hard. (AC +6)
You cannot fit into any form of body armour.
You are cold-blooded and may be slowed by cold attacks.


Message History

The orc wizard seems to speed up.
A worker ant comes into view.
The orc wizard gestures at you while chanting.
You feel yourself slow down.
The orc wizard points at you and mumbles some strange words.
The magic dart hits you.
Ijyb screams, "No!
No, no, no, no!"
Ijyb zaps a wand.
The bolt of acid hits you! You resist.
You are splashed with acid.
You resist.
The orc wizard gestures at you while chanting.
You resist with some effort.
Ijyb zaps a wand.
The bolt of acid hits you. You resist.
You are splashed with acid.
You resist.
Ijyb zaps a wand.
The bolt of acid hits you. You resist.
You are splashed with acid!
You resist.
* * * LOW HITPOINT WARNING * * *
The orc priest calls down the wrath of Beogh upon you.
Beogh smites you!
* * * LOW HITPOINT WARNING * * *
Ijyb zaps a wand.
The bolt of acid hits you! You resist.
You die...

..###..<.#.####.
......>.........
................
......##..).....
..ooo...#.......
...a..o.........
....o.h.........
..o..##.........
..g.!..@........
...$.#####....#
.##. ###.. #. #.
#


You could see Ijyb, a hound, an orc priest, an orc wizard and an orc.

Vanquished Creatures
  2 orc priests (D:3)
  2 hounds (D:4)
  A bullfrog skeleton (D:4)
  2 orc wizards
  4 gnolls (D:4)
  4 adders
  An ooze (D:1)
  A dart slug (D:3)
  2 leopard geckos
  10 orcs
  A giant cockroach (D:3)
  3 goblins
  7 hobgoblins
  6 jackals
  5 kobolds
  A quokka (D:4)
  2 ball pythons (D:1)
  3 bats
  2 frilled lizards (D:4)
  A jackal skeleton (D:3)
  6 rats (D:1)
66 creatures vanquished.

Notes
Turn   | Place    | Note
-------+----------+-------------------------------------------
     0 | D:1      | Jager373 the Draconian Berserker began the quest for the
                  | Orb.
     0 | D:1      | Reached XP level 1. HP: 19/19 MP: 1/1
    53 | D:1      | Reached XP level 2. HP: 19/26 MP: 2/2
   704 | D:2      | Reached XP level 3. HP: 19/33 MP: 3/3
  1289 | D:3      | Reached XP level 4. HP: 22/40 MP: 4/4
  1301 | D:3      | Reached ** piety under Trog
  1542 | D:3      | Reached skill level 1 in Axes
  1643 | D:3      | Found an iron altar of Okawaru.
  1737 | D:3      | Reached XP level 5. HP: 25/47 MP: 5/5
  2196 | D:4      | Reached XP level 6. HP: 50/53 MP: 6/6
  2320 | D:4      | Found a sand-covered staircase.
  2466 | D:5      | Entered Level 5 of the Dungeon
  2469 | D:5      | Noticed Ijyb
  2472 | D:5      | Killed from afar by Ijyb

Skill      XL: |  1  2  3  4  5  6 |
---------------+-------------------+-----
Dodging        | 3 |  3.7
Fighting       | 4 |  4.5
Polearms       | 4 |  4.0
Axes           | 1 3 4 |  4.0
Stealth        | |  0.2

Action                   |  1- 3 |  4- 6 || total
-------------------------+-------+-------++-------
Melee: Spear             |    94 |     8 ||   102
       Tailslap          |     8 |    12 ||    20
       War axe           |       |   105 ||   105
  Eat: Ration            |     1 |       ||     1
       Chunk             |       |     1 ||     1
Armor: Skin              |    36 |    50 ||    86
Dodge: Dodged            |    66 |    93 ||   159
